 Dungeon Crawl Stone Soup version 0.24.0-123-gd5b16e6ec5 (webtiles) character file.

Game seed: 2627370397601103266, levelgen mode: deterministic

562 Elellon the Cleaver (level 7, -5/58 HPs)
             Began as a Hill Orc Fighter on Jan 15, 2020.
             Slain by an orc warrior
             ... wielding a +0 halberd
              (9 damage)
             ... on level 6 of the Dungeon.
             The game lasted 00:05:56 (4124 turns).

Elellon the Cleaver (Hill Orc Fighter)              Turns: 4124, Time: 00:05:56

Health: -5/58      AC:  9    Str: 26    XL:     7   Next: 32%
Magic:  7/7        EV:  6    Int:  8    God:
Gold:   243        SH:  9    Dex: 10    Spells: 6/6 levels left

rFire    . . .     SeeInvis .   o - +0 broad axe
rCold    . . .     Gourm    .   c - +0 shield
rNeg     . . .     Faith    .   s - +0 chain mail
rPois    .         Spirit   .   (no helmet)
rElec    .         Reflect  .   (no cloak)
rCorr    .         Harm     .   (no gloves)
MR       .....                  (no boots)
Stlth    ..........             (no amulet)
HPRegen  0.19/turn              (no ring)
MPRegen  0.10/turn              (no ring)

@: mighty, flying
A: no striking features
a: Convert to Beogh


You were on level 6 of the Dungeon.
You were not hungry.

You visited 1 branch of the dungeon, and saw 6 of its levels.

You collected 243 gold pieces.

Inventory:

Hand Weapons
 o - a +0 broad axe (weapon)
Armour
 c - a +0 shield (worn)
 s - a +0 chain mail (worn)
Wands
 a - a wand of polymorph (7)
Scrolls
 e - a scroll of immolation
 k - 4 scrolls of remove curse
 l - 2 scrolls of fear
 n - 3 scrolls of identify
 q - a scroll of teleportation {unknown}
 r - 2 scrolls of enchant weapon {unknown}
Potions
 b - a potion of heal wounds {unknown}
 d - a potion of might
 g - a potion of lignification {unknown}
 h - 2 potions of curing
 i - a potion of flight
 j - a potion of brilliance {unknown}
 t - a potion of cancellation {unknown}
 u - a potion of mutation {unknown}
Comestibles
 f - 10 rations


   Skills:
 + Level 3.9 Fighting
 * Level 9.9 Axes
 + Level 3.5 Armour
 + Level 3.5 Shields


You had 6 spell levels left.
You didn't know any spells.
Your spell library contained the following spells:

 Spells                   Type           Power        Failure   Level  Hunger
 Animate Skeleton         Necr           N/A          100%        1    ##.....
 Apportation              Tloc           #.....       100%        1    ##.....
 Confusing Touch          Hex            #.....       100%        1    ##.....
 Summon Small Mammal      Summ           #...         100%        1    ##.....


Dungeon Overview and Level Annotations

Branches:
Dungeon (6/15)
 Temple: D:4-7

Altars:


Message History

You slash the gnoll!
You kill the gnoll!
The gnoll hits you from afar with a +0 spear.
The orc warrior hits you from afar with a +0 halberd!!
* * * LOW HITPOINT WARNING * * *
You hear a shout!
You feel very mighty all of a sudden. You block the gnoll's attack.
The gnoll hits you but does no damage.
It was a potion of flight.
You feel very buoyant.
You fly up into the air.
You block the orc warrior's attack. You block the gnoll's attack.
The gnoll hits you from afar with a +0 spear.
* * * LOW HITPOINT WARNING * * *
A hound comes into view.
An orc priest comes into view. It is wielding a +3 dagger of venom.
Okay, then.
You block the orc's attack.
The orc warrior hits you with a +0 halberd!
You die...

######## .
#......#
.###......###
...........
###.......#
..........#
##.o....###
#.@oo.[<..# #
#)##.####.#
...#####g##.#
..
........g.#.#
#..
###.##....#.#
## ##.###...#o#
#........#.####
#.#.#.h........
# #.<..#.....


You could see an orc warrior, a hound (wandering), an orc priest, 2 gnolls and
an orc.

Vanquished Creatures
  An ogre (D:4)
  A wyvern zombie (D:6)
  A scorpion (D:4)
  A hound (D:6)
  2 orc priests (D:3)
  2 orc wizards (D:3)
  2 worker ants (D:4)
  3 adders (D:4)
  5 gnolls
  3 worms
  A dart slug (D:1)
  2 leopard geckos (D:3)
  15 orcs
  2 ball pythons (D:1)
  A giant cockroach (D:3)
  6 goblins
  5 hobgoblins
  5 jackals
  3 kobolds
  A quokka (D:4)
  12 bats
  5 frilled lizards
  A quokka skeleton (D:4)
  5 rats
85 creatures vanquished.

Notes
Turn   | Place    | Note
-------+----------+-------------------------------------------
     0 | D:1      | Elellon the Hill Orc Fighter began the quest for the Orb.
     0 | D:1      | Reached XP level 1. HP: 19/19 MP: 1/1
    97 | D:1      | Reached skill level 3 in Axes
   190 | D:1      | Reached XP level 2. HP: 26/26 MP: 2/2
   241 | D:1      | Reached skill level 4 in Axes
   496 | D:1      | Reached XP level 3. HP: 29/31 MP: 3/3
   941 | D:2      | Reached skill level 5 in Axes
  1209 | D:3      | Reached XP level 4. HP: 21/39 MP: 4/4
  1396 | D:3      | Reached skill level 6 in Axes
  1655 | D:3      | Reached XP level 5. HP: 43/45 MP: 5/5
  1657 | D:3      | Reached skill level 7 in Axes
  1803 | D:3      | Reached skill level 8 in Axes
  1900 | D:3      | Reached XP level 6. HP: 51/51 MP: 6/6
  2722 | D:4      | Reached skill level 9 in Axes
  3338 | D:4      | Reached XP level 7. HP: 35/57 MP: 7/7
  3763 | D:5      | Entered Level 5 of the Dungeon
  4124 | D:6      | Slain by an orc warrior

Levels and vault maps discovered:
D:1:      minmay_arrival_nine_rooms, layout_loops_cross
D:2:      layout_basic
D:3:      layout_basic, serial_curves, eino_curves_01, eino_curves_04,
          minmay_misc_feat_enclosed, serial_bayou_pond_c, supply_closet_lemuel
D:4:      layout_loops_cross, corexii_item_surrounded_by_moat
D:5:      layout_loops_corners, led_sif_book, first_ration, uniq_sigmund
D:6:      layout_rooms, minmay_temple_entry_butterflies,
          gammafunk_ghost_mausoleum

Skill      XL: |  1  2  3  4  5  6 |
---------------+-------------------+-----
Axes           | 3 4 5 6 8 9 |  9.9
Fighting       | |  3.9
Armour         | |  3.5
Shields        | |  3.5

Action                   |  1- 3 |  4- 6 |  7- 9 || total
-------------------------+-------+-------+-------++-------
Melee: War axe           |    81 |       |       ||    81
       Broad axe         |    17 |   159 |    25 ||   201
  Use: Scroll            |       |       |     6 ||     6
       Potion            |       |       |     2 ||     2
  Eat: Chunk             |     1 |     7 |       ||     8
       Ration            |       |       |     1 ||     1
Armor: Scale mail        |    58 |    25 |       ||    83
       Chain mail        |       |    35 |    18 ||    53
Dodge: Dodged            |    37 |    36 |    11 ||    84
Block: Shield            |    64 |    72 |    20 ||   156
